AoeStats
← Wren

Arabia

509417429Analyzed
1v1 RM · 4d ago on Sep 26, 2026· 47m 40s· 2 players
Game mode
Random Map
Map size
Tiny (2 player)
Population
200
Speed
Normal
Resources
Standard
Victory
Conquest
Starting age
Dark Age
Ending age
Imperial Age
RankedLock teamsTeams togetherTeam positionsShared explorationLock speedFull tech treeHidden civsTurbo modeCheats
Victory
Defeat
🇬🇧 Huns · United Kingdom
878
+14
🇮🇹 Goths · Italy
827
-14
andrealvt
0:58 Loom
12:04 Feudal Age
14:36 Double-Bit Axe
19:06 Castle Age
18:22 Gold Mining
20:17 Wheelbarrow
20:08 Horse Collar
19:56 Man-at-Arms
22:32 Bow Saw
24:58 Pikeman
30:21 Imperial Age
27:42 Elite Skirmisher
28:21 Fletching
28:53 Padded Archer Armor
31:13 Squires
33:48 Scale Mail Armor
35:30 Forging
35:16 Bodkin Arrow
39:18 Leather Archer Armor
39:07 Heavy Plow
39:30 Halberdier
42:18 Crossbowman
43:58 Conscription
Wren
3:22 Loom
11:01 Feudal Age
12:19 Wheelbarrow
11:32 Double-Bit Axe
11:34 Horse Collar
19:31 Castle Age
17:52 Fletching
19:17 Padded Archer Armor
21:25 Thumb Ring
21:19 Bodkin Arrow
22:13 Heavy Plow
23:10 Bow Saw
24:38 Hand Cart
26:11 Gold Mining
27:55 Gold Shaft Mining
27:45 Ballistics
27:32 Stone Mining
33:20 Marauders
34:56 Bloodlines
37:01 Scale Barding Armor
37:07 Forging
41:33 Imperial Age
41:41 Heavy Cavalry Archer
42:47 Parthian Tactics
42:47 Conscription
41:53 Elite Tarkan
44:01 Bracer
Connection lost

Rejoining the realm…

Still unreachable

The connection could not be restored.

Session expired

The server has moved on; the page needs a fresh start.